 Dungeon Crawl Stone Soup version 0.30.1-4-g462c640d31 (webtiles) character file.

Game seed: 13491115215743483787

363 FishyPogo the Changer (level 6, 0/44 HPs)
             Began as a Demonspawn Transmuter on Aug 18, 2023.
             Was a Follower of Uskayaw.
             Slain by a bullfrog (6 damage)
             ... in a sewer.
             The game lasted 00:11:29 (2669 turns).

FishyPogo the Changer (Demonspawn Transmuter)       Turns: 2669, Time: 00:11:30

Health: 0/44       AC:  3    Str: 13    XL:     6   Next: 39%
Magic:  7/9        EV:  9    Int: 14    God:    Uskayaw [*.....]
Gold:   192        SH:  0    Dex: 19    Spells: 6/9 levels left

rFire   . .          .
                       - Unarmed
rCold   . . .        (no shield)
rNeg    . . .        a - +0 robe
rPois   .            o - melded +0 helmet
rElec   .            (no cloak)
rCorr   .            (no gloves)
SInv    .            (boots currently unavailable)
Will    .....        (no amulet)
Stlth   ++           n - +6 ring of dexterity
HPRegen 0.27/turn    (no ring)
MPRegen 0.11/turn

%: no passive effects
@: lethally poisoned (0 -> -4), appendages (expiring), wereblooded, constricted
A: horns 2, talons 2, rugged brown scales 1, demonic touch 2
a: End Transformation, Renounce Religion, Stomp


You were in a sewer.
You worshipped Uskayaw.
Uskayaw was noncommittal.
You had temporarily grown beastly horns and talons.
You visited 1 branch of the dungeon, and saw 3 of its levels.
You also visited: Sewer.

You collected 192 gold pieces.

Inventory:

Hand Weapons
 m - a +2 dagger of speed
Missiles
 c - 3 boomerangs
 e - 49 stones
 p - 3 silver javelins
Armour
 a - a +0 robe (worn)
 d - the +0 plate armour of the Evening {SInv}
   (You found it on level 3 of the Dungeon)

   SInv:      It lets you see invisible.
 o - a +0 helmet (melded)
Jewellery
 n - a +6 ring of dexterity (left hand)
Scrolls
 g - 4 scrolls of identify
 h - a scroll of immolation
 j - a scroll of brand weapon
 k - a scroll of fear
 q - a scroll of amnesia {unknown}
 r - a scroll of fog {unknown}
 s - a scroll of summoning
 t - 3 scrolls of poison {unknown}
 v - a scroll of vulnerability {unknown}
Potions
 b - 2 potions of lignification
 f - 2 potions of curing
 i - a potion of haste
 l - a potion of attraction {unknown}
 u - a potion of heal wounds {unknown}


   Skills:
 - Level 1.0 Fighting
 - Level 2.0 Dodging
 + Level 3.8 Unarmed Combat
 - Level 2.0 Spellcasting
 * Level 4.1 Transmutations
 * Level 2.8 Poison Magic
 + Level 2.9 Invocations


You had 6 spell levels left.
You knew the following spells:

 Your Spells              Type           Power      Damage    Failure   Level
a - Beastly Appendage     Tmut           26%        N/A       4%          1
b - Wereblood             Tmut           13%        N/A       7%          2

Your spell library contained the following spells:

 Spells                   Type           Power      Damage    Failure   Level
 Spider Form              Tmut/Pois      11%        N/A       17%         3
 Poisonous Vapours        Pois/Air       10%        N/A       21%         2
 Magic Dart               Conj           4%         1d3       24%         1
 Call Imp                 Summ           2%         N/A       34%         2
 Ensorcelled Hibernation  Hex/Ice        2%         N/A       34%         2
 Static Discharge         Conj/Air       2%         2-3/arc   34%         2
 Mephitic Cloud           Conj/Pois/Air  4%         N/A       43%         3
 Ice Form                 Ice/Tmut       7%         N/A       71%         4
 Anguish                  Hex/Necr       0%         N/A       93%         4
 Freezing Cloud           Conj/Ice/Air   0%         6-21      100%        5
 Iskenderun's Battlesphe  Conj           1%         2d6       100%        5
 Conjure Ball Lightning   Conj/Air       0%         3x3d6     100%        6
 Orb of Destruction       Conj           0%         9d5       100%        7


Dungeon Overview and Level Annotations

Branches:
Dungeon (3/15)              Sewer (1/1)

Altars:
Uskayaw

Shops:
D:1 =


Innate Abilities, Weirdness & Mutations

You have temporarily grown beastly horns and talons.
You are partially covered in rugged brown scales. (AC +1, +3% HP)
Your touch may inflict irresistible damage on your foes.


Message History

The ball python bites you but does no damage.
The adder bites you. The ball python bites you. The ball python constricts you.
The ball python closely misses you. The ball python barely misses you.
You escape the ball python's grasp.
The ball python attacks as you move away!
The ball python bites you. The adder attacks as you move away!
The adder bites you.
You are poisoned.
The adder poisons you!
You feel sick. The adder bites you but does no damage.
The ball python barely misses you. x3; The ball python grabs you.
The ball python constricts you. The ball python bites you.
You escape the ball python's grasp.
The adder attacks as you move away! The adder closely misses you.
Your transformation is almost over.
You feel sick. The bullfrog closely misses you. The adder closely misses you.
The ball python closely misses you. The ball python barely misses you.
The adder closely misses you. The adder attacks as you move away!
The adder closely misses you.
You feel sick.
You are no longer poisoned.
The bullfrog barely misses you. The ball python barely misses you. x2
The bullfrog barely misses you. The ball python bites you.
The ball python grabs you. The ball python constricts you.
Casting: Beastly Appendage (safe; 4% risk of failure)
Confirm with . or Enter, or press ? or * to list all spells.
Your blood is infused with primal strength.
The bullfrog hits you. The adder bites you.
You are poisoned.
The adder poisons you! The bullfrog hits you.
* * * LOW HITPOINT WARNING * * *
The ball python barely misses you. The ball python constricts you.
The adder barely misses you. The bullfrog barely misses you.
You hit the adder. You claw the adder. Your touch misses the adder.
The adder is severely wounded.
You feel sick. The bullfrog hits you.
* * * LOW HITPOINT WARNING * * *
The ball python closely misses you. The bullfrog hits you.
* * * LOW HITPOINT WARNING * * *
The bullfrog hits you.
You die...

......#
#.....
##.....#
#..~..
#≈≈~#≈≈#
#≈~≈≈≈
#≈≈≈~≈≈#
#≈~≈≈≈
#≈≈≈~≈≈#
#≈~≈≈≈
#≈≈~~≈≈#
#≈≈~≈≈
#SSJ≈≈≈#
#≈≈≈~~
#FS#≈≈≈#
#≈≈≈≈≈
#F@S≈≈≈#
#≈≈≈≈~
#≈.S≈≈≈#
##.~~.
#≈~#≈≈≈#
#≈~.|.
#≈#~≈≈≈#
#≈~...
#≈≈~≈≈≈#
#~~≈≈≈
#≈≈~~≈≈#
#~≈≈≈≈
#≈≈≈~≈≈#
#≈~~≈≈
#≈≈≈~≈≈#
#≈≈≈~≈
#≈≈≈~≈≈#####
#≈≈≈~≈


You could see 2 bullfrogs, an adder, an endoplasm and 4 ball pythons.

Vanquished Creatures
  Sigmund (D:2)
  An orc wizard (D:3)
  4 adders
  A worm (D:3)
  A dart slug (D:2)
  15 orcs
  15 ball pythons
  4 bats
  8 endoplasms
  10 goblins
  10 hobgoblins
  10 jackals
  6 kobolds
  A quokka (D:3)
  6 frilled lizards
  36 rats
129 creatures vanquished.

Notes
Turn   | Place    | Note
-------+----------+-------------------------------------------
     0 | D:1      | FishyPogo the Demonspawn Transmuter began the quest for the
                  | Orb.
     0 | D:1      | Reached XP level 1. HP: 15/15 MP: 3/3
    19 | D:1      | Found Hecaam's Jewellery Boutique.
   213 | D:1      | Reached skill level 2 in Transmutations
   213 | D:1      | Gained mutation: Your touch may inflict minor irresistible
                  | damage on your foes. [demonic ancestry]
   213 | D:1      | Reached XP level 2. HP: 21/21 MP: 1/5
   443 | D:1      | Learned a level 2 spell: Wereblood
   486 | D:1      | Found a faded altar of an unknown god.
   495 | D:1      | Prayed at the altar of an unknown god.
   495 | D:1      | Became a worshipper of Uskayaw the Reveller
   495 | D:1      | Reached * piety under Uskayaw
   497 | D:1      | Reached ** piety under Uskayaw
   590 | D:1      | Gained mutation: You are partially covered in rugged brown
                  | scales. (AC +1, +3% HP) [demonic ancestry]
   590 | D:1      | Reached XP level 3. HP: 17/26 MP: 2/6
   593 | D:1      | Reached *** piety under Uskayaw
   657 | D:1      | Got the Volume of Arcane Combat
  1064 | D:2      | Reached skill level 1 in Invocations
  1209 | D:2      | Noticed Sigmund
  1237 | D:2      | Killed Sigmund
  1238 | D:2      | Reached skill level 3 in Transmutations
  1238 | D:2      | Reached XP level 4. HP: 10/32 MP: 1/7
  1238 | D:2      | Gained mutation: Your touch may inflict irresistible damage
                  | on your foes. [demonic ancestry]
  1238 | D:2      | Reached XP level 5. HP: 12/38 MP: 1/8
  2044 | D:3      | Identified the +0 plate armour of the Evening {SInv}
  2086 | D:3      | Reached XP level 6. HP: 39/44 MP: 5/9
  2096 | D:3      | Reached skill level 4 in Transmutations
  2100 | D:3      | Reached **** piety under Uskayaw
  2285 | D:3      | Found a glowing drain.
  2336 | Sewer    | Entered a sewer
  2669 | Sewer    | Slain by a bullfrog

Illustrated notes

Levels and vault maps discovered:
D:1:      minmay_arrival_wavy_path, layout_basic, serial_shops,
          nicolae_shop_gaudy_bauble, hellmonk_ecumenical_altar_blasted
D:2:      layout_loops_ring, guppyfry_early_orc_mine, uniq_sigmund
D:3:      layout_rooms, portal_sewer_entry_a, nicolae_elevator_lobby_plus
Sewer:    sewer_minmay_w

Skill      XL: |  1  2  3  4  5  6 |
---------------+-------------------+-----
Dodging        | 2 |  2.0
Unarmed Combat | 3 |  3.8
Transmutations | 2 3 4 |  4.1
Invocations    | 2 |  2.9
Poison Magic   | 2 |  2.8
Fighting       | |  1.0
Spellcasting   | |  2.0

Action                     |  1- 3 |  4- 6 || total
---------------------------+-------+-------++-------
  Melee: Unarmed           |    91 |   165 ||   256
         Kick              |    16 |    25 ||    41
         Headbutt          |     9 |    15 ||    24
         Touch             |     6 |    22 ||    28
         Punch             |     1 |     1 ||     2
   Cast: Beastly Appendage |    24 |    27 ||    51
         Wereblood         |     3 |     4 ||     7
Ability: End Transformatio |       |     1 ||     1
    Use: Potion            |     4 |       ||     4
         Scroll            |       |     4 ||     4
   Stab: Paralysed         |     1 |     6 ||     7
         Sleeping          |       |     3 ||     3
 Armour: Robe              |    17 |    37 ||    54
  Dodge: Dodged            |    74 |   142 ||   216
